 Dungeon Crawl Stone Soup version 0.26.1-11-gd32895ea62 (webtiles) character file.

Game seed: 8793703425743103404

37 nightchill the Skirmisher (level 3, 20/29 HPs)
             Began as a Demonspawn Abyssal Knight on Apr 20, 2021.
             Was a Follower of Lugonu.
             Quit the game on level 1 of the Dungeon on Apr 21, 2021.
             The game lasted 00:02:06 (1563 turns).

nightchill the Skirmisher (DsAK)                    Turns: 1563, Time: 00:02:06

Health: 20/29      AC:  5    Str: 13    XL:     3   Next: 23%
Magic:  5/5        EV: 11    Int: 13    God:    Lugonu [*.....]
Gold:   53         SH:  0    Dex: 12    Spells: 2/2 levels left

rFire    . . .     SeeInvis .     - Unarmed
rCold    . . .     Faith    .   (no shield)
rNeg     . . .     Spirit   .   b - +0 ring mail (curse)
rPois    .         Reflect  .   (no helmet)
rElec    .         Harm     .   (no cloak)
rCorr    .         Rampage  .   (no gloves)
Will     .....                  (no boots)
Stlth    +.........             (no amulet)
HPRegen  0.09/turn              (no ring)
MPRegen  0.09/turn              (no ring)

@: no status effects
A: demonic guardian 1, sturdy frame 1
a: Renounce Religion, Depart the Abyss


You were on level 1 of the Dungeon.
You worshipped Lugonu.
Lugonu was aware of your devotion.
You visited 1 branch of the dungeon, and saw 1 of its levels.
You visited the Abyss 1 time.

You collected 53 gold pieces.

Inventory:

Armour
 a - a +0 leather armour
 b - a cursed +0 ring mail (worn)
Jewellery
 c - a +6 ring of intelligence {unknown}
 l - an uncursed amulet of reflection {unknown}
Scrolls
 d - a scroll of immolation {unknown}
 f - a scroll of magic mapping {unknown}
 g - a scroll of remove curse {unknown}
 h - 3 scrolls of teleportation {unknown}
 k - a scroll of amnesia {unknown}
Potions
 e - 3 potions of haste {unknown}
 i - a potion of heal wounds {unknown}
 j - 2 potions of curing {unknown}


   Skills:
 + Level 3.3 Fighting
 - Level 1.7 Armour
 - Level 0.8 Dodging
 * Level 2.7 Unarmed Combat
 + Level 3.1 Invocations


You had 2 spell levels left.
You didn't know any spells.
Your spell library was empty.

Dungeon Overview and Level Annotations

Branches:
Dungeon (1/15)

Altars:


Innate Abilities, Weirdness & Mutations

A weak demonic guardian rushes to your aid.
Your movements are slightly less encumbered by armour. (ER -2)


Message History

You see here a stone.
A kobold is nearby!
A kobold is nearby!
A kobold is nearby!
The kobold throws a stone.
The stone hits you but does no damage.
You see here a stone.
A dart slug comes into view.
The kobold hits you.
You hit the dart slug but do no damage. The dart slug barely misses you.
The kobold hits you but does no damage.
You hit the dart slug.
The dart slug is lightly wounded.
The kobold hits you. The dart slug completely misses you.
You hit the dart slug.
The dart slug is moderately wounded.
The kobold closely misses you. The dart slug launches a dart at you.
The slug dart hits you.
You are too injured to fight recklessly!
Are you sure you want to abandon this character and quit the game? (Confirm with "yes".)

########### #.........#
## #.........# ..
#.........# .#
#.........# .#
#.........# .#
#.........######w#
##.........##...@.####.
)'.........'((...K.....#
##.........#############
##.........#
##....[....#
.########### .# .# ##


You could see a dart slug and a kobold.

Vanquished Creatures
  An ooze (D:1)
  A dart slug (D:1)
  A giant cockroach (D:1)
  7 goblins (D:1)
  4 hobgoblins (D:1)
  5 kobolds (D:1)
  3 bats (D:1)
  9 rats (D:1)
31 creatures vanquished.

Notes
Turn   | Place    | Note
-------+----------+-------------------------------------------
     0 | Abyss:1  | nightchill the Demonspawn Abyssal Knight began the quest
                  | for the Orb.
     0 | Abyss:1  | Reached XP level 1. HP: 18/18 MP: 2/2
    75 | Abyss:1  | Noticed an ancient zyme
    79 | Abyss:1  | Noticed an iron imp
    80 | D:1      | Escaped the Abyss
   159 | D:1      | Reached * piety under Lugonu
   404 | D:1      | Gained mutation: A weak demonic guardian rushes to your
                  | aid. [demonic ancestry]
   404 | D:1      | Reached XP level 2. HP: 18/24 MP: 4/4
  1086 | D:1      | Gained mutation: Your movements are slightly less
                  | encumbered by armour. (ER -2) [demonic ancestry]
  1086 | D:1      | Reached XP level 3. HP: 23/29 MP: 5/5
  1563 | D:1      | Quit the game

Illustrated notes

Levels and vault maps discovered:
D:1:      dpeg_arrival_line_fractal, layout_basic

Skill      XL: |  1  2 |
---------------+-------+-----
Unarmed Combat | 2 |  2.7
Invocations    | 3 |  3.1
Fighting       | |  3.3
Armour         | |  1.7
Dodging        | |  0.8

Action                   || total
-------------------------++-------
Melee: Unarmed           ||   138
       Punch             ||     1
Invok: Depart the Abyss  ||     1
 Stab: Sleeping          ||     1
Armor: Leather armour    ||    21
       Ring mail         ||    16
Dodge: Dodged            ||    91
